 Dungeon Crawl Stone Soup version 0.30-a0-857-gcaf70739d4 (webtiles) character file.

Game seed: 17770130436518119482

89 freelancePsychic the Sneak (level 4, -4/35 HPs)
             Began as a Vampire Wanderer on Mar 5, 2023.
             Blown up by Ijyb the spriggan (19 damage)
             ... with a mindburst bolt
             ... on level 2 of the Dungeon.
             The game lasted 00:03:39 (1849 turns).

freelancePsychic the Sneak (Vampire Wanderer)       Turns: 1849, Time: 00:03:40

Health: -4/35      AC:  3    Str: 15    XL:     4   Next: 31%
Magic:  5/5        EV: 11    Int: 18    God:
Gold:   221        SH:  0    Dex: 13    Spells: 2/5 levels left

rFire   . . .      SeeInvis +    a - +1 shortbow
rCold   . . .      Faith    .    (shield currently unavailable)
rNeg    . . .      Spirit   .    m - +1 robe {Will+}
rPois   .          Reflect  .    (no helmet)
rElec   .          Rampage  .    (no cloak)
rCorr   .                        (no gloves)
Will    +....                    (no boots)
Stlth   ++                       (no amulet)
HPRegen 0.45/turn                h - +6 ring of strength
MPRegen 0.09/turn                (no ring)

@: lethally poisoned (-4 -> -5), about to teleport, healing quickly
A: alive, fangs 3, see invisible, vampiric 2
a: Exsanguinate


You were on level 2 of the Dungeon.
You visited 1 branch of the dungeon, and saw 3 of its levels.

You collected 221 gold pieces.

Inventory:

Hand Weapons
 a - a +1 shortbow (weapon)
Missiles
 j - 3 throwing nets
Armour
 c - a +0 robe
 m - a +1 robe of willpower (worn)
Jewellery
 h - a +6 ring of strength (left hand)
Wands
 o - a wand of polymorph (8)
Scrolls
 e - a scroll of blinking
 p - a scroll of brand weapon {unknown}
 q - a scroll of noise
 t - a scroll of enchant weapon {unknown}
 u - a scroll of poison {unknown}
Potions
 b - a potion of berserk rage
 d - 2 potions of curing {unknown}
 g - 2 potions of heal wounds {unknown}
 i - 3 potions of haste {unknown}
 k - a potion of resistance {unknown}
 n - a potion of ambrosia {unknown}


   Skills:
 + Level 3.3 Fighting
 - Level 1.5 Ranged Weapons
 + Level 3.6 Stealth
 - Level 1.0 Spellcasting
 - Level 2.0 Ice Magic
 + Level 1.7 Air Magic
 + Level 1.3 Poison Magic
 - Level 1.0 Evocations


You had 2 spell levels left.
You knew the following spells:

 Your Spells              Type           Power      Damage    Failure   Level
a - Freeze                Ice            32%        1d5       9%          1
b - Poisonous Vapours     Pois/Air       12%        N/A       16%         2

Your spell library contained the following spells:

 Spells                   Type           Power      Damage    Failure   Level
 Cigotuvi's Dreadful Rot  Necr/Pois/Air  8%         N/A       21%         2
 Lesser Beckoning         Tloc           0%         N/A       30%         2
 Hailstorm                Conj/Ice       4%         3d4       36%         3
 Mephitic Cloud           Conj/Pois/Air  4%         N/A       36%         3
 Gell's Gravitas          Tloc           0%         N/A       52%         3
 Teleport Other           Tloc           0%         N/A       52%         3


Dungeon Overview and Level Annotations

Branches:
Dungeon (3/15)

Altars:

Annotations:
D:2 1 runed translucent door, Crazy Yiuf, Ijyb
D:3 Robin


Innate Abilities, Weirdness & Mutations

Your natural rate of healing is accelerated.
You have razor-sharp teeth.
You have supernaturally acute eyesight. (SInv)
You are afflicted with vampirism and can become a bat while bloodless.


Message History

There is a stone staircase leading up here.
The adder barely misses you. The hobgoblin barely misses you. Ijyb misses you.
You climb upwards.
Level annotation: 1 runed translucent door, Crazy Yiuf
There is a stone staircase leading down here.
Casting: Freeze (safe; 9% risk of failure)
Confirm with . or Enter, or press ? or * to list all spells.
You don't know that spell.
Unknown command.
Press: ? - help, v - describe, . - travel
Here: Ijyb, wielding a +0 dagger, wearing a +0 leather armour and carrying a wand of mindburst (12)
The floor.
Unknown command.
Aiming: Polymorph
Press: ? - help, Shift-Dir - straight line, f - Ijyb
Aim: Ijyb, wielding a +0 dagger, wearing a +0 leather armour and carrying a wand of mindburst (12) (will become a killer bee, a river rat, or a spriggan, chance to affect: 60%) Ijyb evaporates and reforms as a spriggan!
The adder bites you but does no damage. The adder completely misses you.
Ijyb picks up a +0 dagger.
Ijyb wields a +0 dagger.
The hobgoblin closely misses you.
Aiming: Polymorph
Press: ? - help, Shift-Dir - straight line, f/p - Ijyb
Aim: Ijyb the spriggan, wielding a +0 dagger (will become a cane toad, a hornet, or a golden eye, chance to affect: 19%)
Okay, then.
Unknown command.
As you read the scroll of teleportation {@r4}, it crumbles to dust.
You feel strangely unstable. The adder bites you.
You are poisoned.
The adder poisons you! The hobgoblin closely misses you.
Ijyb picks up a wand of mindburst (12).
The hobgoblin attacks as you move away! The hobgoblin hits you.
The adder attacks as you move away! The adder barely misses you.
You feel sick.
Ijyb picks up a yellow potion.
Ijyb attacks as you move away! Ijyb hits you with a +0 dagger!
You feel sick. The adder bites you.
You feel sick.
Ijyb zaps a wand.
Your mind is blasted!
Ouch! That really hurt!
You die...

....# ############
....# #..........#
....#
#.########.#########
#####
#'#................#
#####......#######.#
#...#......# #.#
♣♣♣♣♣##...#.####.#
#.# ###
♣♣♣)♣)......#.# #.#
#.#
#)))#♣))♣)......@#.#
#.# #.#
#.))+)♣♣♣♣.......#.#
#.# #.##### #)))#♣♣
♣♣....iS#.# #.#
#.....# ###
♣♣##.[g#.# #.#
###.### #.....#
#.#####.# ###...#
#.......# ## ####
#...# ######### .#
#..# #...#
.##########..# #...#


You could see Ijyb the spriggan, an adder and a hobgoblin.

Vanquished Creatures
  5 adders
  3 dart slugs
  An orc (D:3)
  9 endoplasms
  A giant cockroach (D:1)
  3 goblins
  5 hobgoblins
  2 quokkas
  4 ball pythons
  3 frilled lizards
  A kobold (D:2)
37 creatures vanquished.

Notes
Turn   | Place    | Note
-------+----------+-------------------------------------------
     0 | D:1      | freelancePsychic the Vampire Wanderer began the quest for
                  | the Orb.
     0 | D:1      | freelancePsychic set off with the following items: a +1
                  | shortbow, a potion of berserk rage, a +0 robe; and the
                  | following spell memorised: Freeze; and the following spells
                  | available to memorise: Hailstorm.
     0 | D:1      | Reached XP level 1. HP: 17/17 MP: 2/2
   170 | D:1      | Reached XP level 2. HP: 23/23 MP: 3/3
   440 | D:1      | Learned a level 2 spell: Poisonous Vapours
   469 | D:2      | Reached skill level 1 in Air Magic
   496 | D:2      | Gained mutation: You are afflicted with vampirism and can
                  | become a bat while bloodless. [Vampire growth]
   496 | D:2      | Reached XP level 3. HP: 29/29 MP: 4/4
   682 | D:2      | Found a runed translucent door.
   683 | D:2      | Noticed Crazy Yiuf
   863 | D:2      | Reached skill level 1 in Poison Magic
  1290 | D:2      | Reached XP level 4. HP: 35/35 MP: 3/5
  1661 | D:3      | Noticed Robin
  1661 | D:3      | Noticed Ijyb
  1845 | D:2      | Ijyb changed into Ijyb the spriggan
  1845 | D:2      | Noticed Ijyb
  1849 | D:2      | Blown up by Ijyb the spriggan

Illustrated notes

Levels and vault maps discovered:
D:1:      dpeg_arrival_lava_temple_mockup, layout_rooms
D:2:      layout_basic, kennysheep_cross_room, minmay_misc_feat_four_crosses,
          uniq_crazy_yiuf_cottage
D:3:      layout_basic, corexii_corridor_pit, nicolae_goblin_pals, uniq_ijyb,
          uniq_robin, uniq_sigmund

Skill      XL: |  1  2  3 |
---------------+----------+-----
Stealth        | 2 3 |  3.6
Fighting       | 3 |  3.3
Air Magic      | 1 |  1.7
Poison Magic   | 1 |  1.3
Ranged Weapons | |  1.5
Spellcasting   | |  1.0
Ice Magic      | |  2.0
Evocations     | |  1.0

Action                     |  1- 3 |  4- 6 || total
---------------------------+-------+-------++-------
   Fire: Shortbow          |    88 |    16 ||   104
   Cast: Freeze            |     3 |     6 ||     9
  Evoke: Wand              |       |     1 ||     1
    Use: Scroll            |       |     7 ||     7
 Armour: Robe              |     7 |     6 ||    13
  Dodge: Dodged            |    18 |    20 ||    38

Table legend: (Time is in decaauts)
 A = Elapsed time spent in this place.
 B = Non-inter-level travel time spent in this place.
 C = Inter-level travel time spent in this place.
 D = Time resting spent in this place.
 E = Time spent auto-exploring this place.
 F = Levels seen in this place.
 G = Mean time per level.
                   A        B        C        D        E       F      G
               +--------+--------+--------+--------+--------+-----+--------+
         Total |   1893 |   1793 |    100 |     37 |   1459 |   3 |  631.0 |
       Dungeon |   1893 |   1793 |    100 |     37 |   1459 |   3 |  631.0 |
               +--------+--------+--------+--------+--------+-----+--------+

Top non-repeatable levels by time:
     D:2: 1361 daAuts
     D:1: 465 daAuts
     D:3: 65 daAuts
